cohdb
Replays
Latest Replays
All Replays
Popular Replays
Top Player Replays
Match Explorer
How It Works
Community
CoH3 Stats
Reddit
Sign in to upload your games and track your stats! →
Sign in with Steam
Average low elo game , on what don't to do ...
Match 39049797
Overview
Messages
Build Orders
End
Construct Infanterie Kompanie
MG 42 Machine Gun Team
Grenadier Squad
Selects Mechanized Battlegroup
Grenadier Squad
GrW 34 Mortar Team
Construct Luftwaffe Kompanie
221 Scout Car
Jäger Squad
Selects Mobile Repair Stations
Jäger Squad
Selects Wespe Self-propelled Artillery
Wespe Self-propelled Artillery
Luftwaffe Officer Quarters
Wespe Self-propelled Artillery
Wespe Self-propelled Artillery
Jäger Squad
Selects Raid Package
Support Elements
Wespe Self-propelled Artillery
Medical Station
Wirbelwind Flakpanzer
既已至此 先吃吃惹
為了帝皇
tony
Pugipa
DragonLTU
Kusa
baopt61
TEA OR STH STRONGER
0
0
Comments
sign in to comment!
No comments posted yet!